 Dungeon Crawl Stone Soup version 0.29.1-1-gd02db6906a (webtiles) character file.

Game seed: 4312258078045147327

140 warriortoast the Conjurer (level 5, -5/24 (28) HPs)
             Began as a Deep Elf Conjurer on Oct 12, 2022.
             Was an Initiate of Vehumet.
             Slain by a necrophage (7 damage)
             ... on level 6 of the Dungeon on Oct 14, 2022.
             The game lasted 00:09:24 (2657 turns).

warriortoast the Conjurer (Deep Elf Conjurer)       Turns: 2657, Time: 00:09:25

HP:   -5/24 (28)    AC:  3    Str:  4    XL:     5   Next: 2%
MP:   10/14         EV: 12    Int: 25    God:    Vehumet [......]
Gold: 164           SH:  0    Dex: 13    Spells: 10/14 levels left

rFire   . . .      SeeInvis .   k - +2 dagger (protect)
rCold   . . .      Faith    .   (no shield)
rNeg    . . .      Spirit   .   a - +0 robe
rPois   .          Reflect  .   (no helmet)
rElec   .          Harm     .   (no cloak)
rCorr   .          Rampage  .   i - +0 pair of gloves
Will    .....                   (no boots)
Stlth   ++........              (no amulet)
HPRegen 0.08/turn               q - +4 ring of slaying
MPRegen 0.14/turn               (no ring)

@: heavily drained
A: no striking features
a: Renounce Religion


You were on level 6 of the Dungeon.
You worshipped Vehumet.
Vehumet was noncommittal.
You visited 2 branches of the dungeon, and saw 5 of its levels.

You collected 164 gold pieces.

Inventory:

Hand Weapons
 j - a +3 dagger
 k - a +2 dagger of protection (weapon)
 s - the +7 falchion of Floods {venom, rC+}
   (You found it on level 2 of the Dungeon)

   It poisons the flesh of those it strikes.
   rC:        It protects you from cold.
 v - a +2 dagger of speed
Missiles
 n - a throwing net
Armour
 a - a +0 robe (worn)
 d - a +2 buckler
 i - a +0 pair of gloves (worn)
Jewellery
 q - a +4 ring of slaying (left hand)
 r - a +6 ring of dexterity
 x - a ring of positive energy
 y - a ring of positive energy
Wands
 u - a wand of light (15)
Scrolls
 f - a scroll of vulnerability {unknown}
 g - a scroll of brand weapon {unknown}
 h - 2 scrolls of magic mapping {unknown}
 l - a scroll of poison {unknown}
 m - 2 scrolls of fear {unknown}
 o - 2 scrolls of fog {unknown}
 p - a scroll of amnesia {unknown}
 t - 4 scrolls of teleportation {unknown}
 z - a scroll of identify {unknown}
 B - a scroll of noise {unknown}
Potions
 b - a potion of magic
 c - 2 potions of degeneration {unknown}
 e - a potion of lignification {unknown}
 w - 2 potions of heal wounds {unknown}
 A - a potion of mutation {unknown}


   Skills:
 - Level 2.4 Dodging
 - Level 2.4 Stealth
 + Level 5.4 Spellcasting
 + Level 5.8 Conjurations


You had 10 spell levels left.
You knew the following spells:

 Your Spells              Type           Power      Damage    Failure   Level
a - Magic Dart            Conj           100%       1d8       1%          1
b - Dazzling Flash        Conj/Hex       42%        N/A       7%          3

Your spell library contained the following spells:

 Spells                   Type           Power      Damage    Failure   Level
 Searing Ray              Conj           72%        2d7       1%          2
 Fulminant Prism          Conj/Hex       10%        3d9       24%         4
 Iskenderun's Mystic Bla  Conj/Tloc      21%        2d6       24%         4


Dungeon Overview and Level Annotations

Branches:
Dungeon (6/15)             Temple (1/1) D:6

Altars:
Cheibriados
Dithmenos
Elyvilon
Gozag
Hepliaklqana
Makhleb
Nemelex Xobeh
Okawaru
Ru
Sif Muna
Uskayaw
Vehumet
Xom
Zin
The Shining One

Shops:
D:1 ((*[*

Annotations:
D:3 Robin


Message History

The necrophage attacks as you move away!
The necrophage hits you.
* * * LOW HITPOINT WARNING * * *
You feel drained.
Okay, then.
You are too injured to fight recklessly!
You are too injured to fight recklessly!
Casting: Magic Dart (safe; 1% risk of failure)
Confirm with . or Enter, or press ? or * to list all spells.
Aiming: Magic Dart (safe; 1% risk of failure)
Press: ? - help, Shift-Dir - straight line, f - necrophage
Aim: a necrophage (100% to hit)
The magic dart hits the necrophage.
The necrophage is lightly damaged.
The necrophage closely misses you.
Casting: Magic Dart (safe; 1% risk of failure)
Confirm with . or Enter, or press ? or * to list all spells.
Aiming: Magic Dart (safe; 1% risk of failure)
Press: ? - help, Shift-Dir - straight line, f/p - necrophage
Aim: a necrophage (lightly damaged, 100% to hit)
The magic dart hits the necrophage.
The necrophage is moderately damaged.
The necrophage hits you but does no damage.
Casting: Magic Dart (safe; 1% risk of failure)
Confirm with . or Enter, or press ? or * to list all spells.
Aiming: Magic Dart (safe; 1% risk of failure)
Press: ? - help, Shift-Dir - straight line, f/p - necrophage
Aim: a necrophage (lightly damaged, 100% to hit)
The magic dart hits the necrophage.
The necrophage is moderately damaged.
The necrophage barely misses you.
Casting: Magic Dart (safe; 1% risk of failure)
Confirm with . or Enter, or press ? or * to list all spells.
Aiming: Magic Dart (safe; 1% risk of failure)
Press: ? - help, Shift-Dir - straight line, f/p - necrophage
Aim: a necrophage (moderately damaged, 100% to hit)
The magic dart hits the necrophage.
The necrophage is moderately damaged.
The necrophage hits you!
You die...

#.8...8#
#.#8.8##
#n##.##
#.##..#
#.###.#
#.# #.##
#.###..#
#..###.#
##..@n.#
#######


You could see a necrophage.

Vanquished Creatures
  Jessica (D:3)
  5 adders
  A white imp (D:6)
  An ufetubus (D:6)
  2 ball pythons
  4 endoplasms
  2 giant cockroaches
  19 goblins
  3 hobgoblins
  4 kobolds
  A quokka (D:3)
  3 bats (D:1)
  6 frilled lizards
  5 rats
57 creatures vanquished.

Notes
Turn   | Place    | Note
-------+----------+-------------------------------------------
     0 | D:1      | warriortoast the Deep Elf Conjurer began the quest for the
                  | Orb.
     0 | D:1      | Reached XP level 1. HP: 10/10 MP: 6/6
    61 | D:1      | Found Baupe's Assorted Antiques.
   123 | D:1      | Found Xugu's Armour Shoppe.
   221 | D:1      | Reached XP level 2. HP: 15/15 MP: 4/8
   366 | D:1      | Found Ekhalla's Weapon Shop.
   442 | D:1      | Found Lirith's Weapon Emporium.
   625 | D:1      | Found Tasus's General Store.
   724 | D:1      | Found a faded altar of an unknown god.
   963 | D:2      | Reached skill level 5 in Conjurations
   963 | D:2      | Reached XP level 3. HP: 19/19 MP: 5/10
   967 | D:2      | Learned a level 3 spell: Dazzling Flash
  1041 | D:2      | Identified the +7 falchion of Floods {venom, rC+}
  1560 | D:3      | Noticed Jessica
  1563 | D:3      | Killed Jessica
  1564 | D:3      | Reached XP level 4. HP: 24/24 MP: 7/12
  1827 | D:3      | Noticed Robin
  1828 | D:3      | Reached skill level 5 in Spellcasting
  2314 | D:3      | You fall into a shaft and drop 3 floors!
  2320 | D:6      | Noticed a necrophage
  2330 | D:6      | Found a staircase to the Ecumenical Temple.
  2349 | D:6      | Reached XP level 5. HP: 8/28 MP: 7/14
  2362 | Temple   | Entered the Ecumenical Temple
  2362 | Temple   | Found a transporter.
  2362 | Temple   | Found a transporter.
  2364 | Temple   | Found a transporter.
  2364 | Temple   | Found a transporter.
  2421 | Temple   | Became a worshipper of Vehumet
  2653 | D:6      | HP: 1/25 [necrophage (2)]
  2657 | D:6      | Slain by a necrophage

Illustrated notes

Levels and vault maps discovered:
D:1:      psy_arrival_whirlpool, layout_loops_ring,
          ebering_ecumenical_altar_sacrificial, serial_shops, shop, shop, shop,
          nicolae_shop_behind_doors, shop, palyth_stone_intersect,
          serial_bayou_crossing
D:2:      layout_rooms
D:3:      layout_basic, grunt_ministairs_5, grunt_decor_cap, uniq_jessica,
          uniq_robin
D:6:      layout_basic, minmay_temple_entry_statues, uniq_sigmund
Temple:   hellmonk_temple_divided_pantheon

Skill      XL: |  1  2  3  4 |
---------------+-------------+-----
Spellcasting   | 4 5 |  5.4
Conjurations   | 5 |  5.8
Dodging        | |  2.4
Stealth        | |  2.4

Action                   |  1- 3 |  4- 6 || total
-------------------------+-------+-------++-------
Melee: Dagger            |       |     1 ||     1
 Cast: Magic Dart        |    61 |    51 ||   112
Armor: Robe              |       |     4 ||     4
Dodge: Dodged            |     5 |    17 ||    22
